 Dungeon Crawl Stone Soup version 0.29.1-12-g30fa7ad0bf (webtiles) character file.

Game seed: 1009954806318972314

515 xzight the Shield-Bearer (level 7, 0/60 HPs)
             Began as a Gnoll Fighter on Dec 29, 2022.
             Slain by an orc warrior
             ... wielding a +0 trident
              (13 damage)
             ... on level 4 of the Dungeon.
             The game lasted 00:09:11 (4085 turns).

xzight the Shield-Bearer (Gnoll Fighter)            Turns: 4085, Time: 00:09:12

Health: 0/60       AC:  9    Str: 15    XL:     7   Next: 20%
Magic:  10/10      EV:  9    Int:  9    God:
Gold:   174        SH:  5    Dex: 12    Spells: 10/10 levels left

rFire   . . .      SeeInvis .   a - +0 trident
rCold   . . .      Faith    .   c - +0 buckler
rNeg    . . .      Spirit   .   b - +0 scale mail
rPois   +          Reflect  .   (no helmet)
rElec   .          Harm     .   g - +0 cloak
rCorr   .          Rampage  .   (no gloves)
Will    .....                   (no boots)
Stlth   +.........              (no amulet)
HPRegen 0.20/turn               P - ring of poison resistance
MPRegen 0.12/turn               (no ring)

@: no status effects
A: fangs 1, strong nose, distributed training
a: no special abilities


You were on level 4 of the Dungeon.
You visited 1 branch of the dungeon, and saw 4 of its levels.

You collected 174 gold pieces.


Innate Abilities, Weirdness & Mutations

You have very sharp teeth.
Your uncanny sense of smell can sniff out nearby items.
Your experience applies equally to all skills.


   Skills:
 + Level 7.0 Fighting
 + Level 2.4 Short Blades
 + Level 2.4 Long Blades
 + Level 2.4 Axes
 + Level 2.4 Maces & Flails
 + Level 5.2 Polearms
 + Level 2.4 Staves
 + Level 2.4 Ranged Weapons
 + Level 2.4 Throwing
 + Level 7.0 Armour
 + Level 2.4 Dodging
 + Level 2.4 Stealth
 + Level 7.0 Shields
 + Level 2.4 Unarmed Combat
 + Level 2.4 Spellcasting
 + Level 2.0 Conjurations
 + Level 2.0 Hexes
 + Level 2.0 Summonings
 + Level 2.0 Necromancy
 + Level 2.0 Translocations
 + Level 2.0 Transmutations
 + Level 2.0 Fire Magic
 + Level 2.0 Ice Magic
 + Level 2.0 Air Magic
 + Level 2.0 Earth Magic
 + Level 2.0 Poison Magic
 + Level 2.7 Invocations
 + Level 2.4 Evocations


You had 10 spell levels left.
You didn't know any spells.
Your spell library contained the following spells:

 Spells                   Type           Power      Damage    Failure   Level
 Apportation              Tloc           8%         N/A       52%         1
 Necrotise                Necr           16%        1d4       52%         1
 Summon Small Mammal      Summ           16%        N/A       52%         1

Inventory:

Hand Weapons
 a - a +0 trident (weapon)
Missiles
 e - 8 poisoned darts
 k - 3 atropa-tipped darts
 n - 2 javelins (quivered)
Armour
 b - a +0 scale mail (worn)
 c - a +0 buckler (worn)
 g - a +0 cloak (worn)
Jewellery
 F - a ring of fire
 P - a ring of poison resistance (left hand)
Scrolls
 f - 4 scrolls of vulnerability {unknown}
 h - a scroll of amnesia {unknown}
 i - 4 scrolls of teleportation {unknown}
 j - 3 scrolls of identify {unknown}
 m - a scroll of enchant armour {unknown}
 o - a scroll of immolation {unknown}
Potions
 d - a potion of might
 l - 2 potions of curing {@q1}
 p - a potion of flight {unknown}
 q - a potion of haste {unknown}
 r - 2 potions of berserk rage {unknown}

Dungeon Overview and Level Annotations

Branches:
Dungeon (4/15)
 Temple: D:4-7

Altars:
Elyvilon

Shops:
D:1 :

Annotations:
D:3 1 runed translucent door, Crazy Yiuf, Sigmund

############## #.............
#........<.... ######
#.............
########....###..........oo.
#...#......o..o.............
#.#.##.#...@###............J
######.#.##.#.....##.............
#....#.#....#......+.......[.....
#....#.#######.....#.............
#....#.# ##....##.............
#....#.# #.....###############
#....#.# ##...#.##
#......####>.......
####......#.#......


You could see an orc warrior and an orc priest.


Message History

The orc warrior is moderately wounded.
The orc wizard hits you but does no damage.
The orc warrior closely misses you.
Reach: a) +0 trident
Press: ? - help, Dir - move target, f/p - orc warrior
Aim: an orc warrior, wielding a +0 trident and wearing a +0 chain mail (moderately wounded, about 42% to evade your +0 trident)
You reach to attack!
You puncture the orc warrior!
The orc warrior is severely wounded.
The orc warrior hits you from afar with a +0 trident.
* * * LOW HITPOINT WARNING * * *
The orc wizard mumbles some strange words.
The orc wizard flickers and vanishes!
Deactivating autopickup; reactivate with Ctrl-A.
The orc warrior hits you from afar with a +0 trident.
* * * LOW HITPOINT WARNING * * *
The orc priest invokes the aid of Beogh against you.
Beogh smites you!
* * * LOW HITPOINT WARNING * * *
Something hits you.
* * * LOW HITPOINT WARNING * * *
Something hits you but does no damage.
It was a potion of curing.
You feel better. The orc warrior closely misses you.
You hit the orc warrior but do no damage.
The orc warrior is severely wounded.
You completely miss the orc warrior.
You bite the orc warrior, but do no damage.
The orc warrior is severely wounded.
The orc warrior hits you with a +0 trident!
You die...

Skill      XL: |  1  2  3  4  5  6  7 |
---------------+----------------------+-----
Invocations    | 1 2 |  2.7
Short Blades   | 1 2 |  2.4
Long Blades    | 1 2 |  2.4
Axes           | 1 2 |  2.4
Maces & Flails | 1 2 |  2.4
Staves         | 1 2 |  2.4
Ranged Weapons | 1 2 |  2.4
Throwing       | 1 2 |  2.4
Dodging        | 1 2 |  2.4
Stealth        | 1 2 |  2.4
Unarmed Combat | 1 2 |  2.4
Spellcasting   | 1 2 |  2.4
Evocations     | 1 2 |  2.4
Conjurations   | 1 2 |  2.0
Hexes          | 1 2 |  2.0
Summonings     | 1 2 |  2.0
Necromancy     | 1 2 |  2.0
Translocations | 1 2 |  2.0
Transmutations | 1 2 |  2.0
Fire Magic     | 1 2 |  2.0
Ice Magic      | 1 2 |  2.0
Air Magic      | 1 2 |  2.0
Earth Magic    | 1 2 |  2.0
Poison Magic   | 1 2 |  2.0
Polearms       | 5 |  5.2
Fighting       | 7 |  7.0
Armour         | 7 |  7.0
Shields        | 7 |  7.0

Action                   |  1- 3 |  4- 6 |  7- 9 || total
-------------------------+-------+-------+-------++-------
Melee: Trident           |    87 |   120 |    68 ||   275
       Bite              |     7 |    11 |     6 ||    24
Throw: Javelin           |       |     3 |       ||     3
       Dart              |       |     2 |       ||     2
  Use: Potion            |       |       |     1 ||     1
Armor: Scale mail        |    32 |    32 |    27 ||    91
Dodge: Dodged            |    27 |    30 |    17 ||    74
Block: Buckler           |    10 |    30 |    11 ||    51

Levels and vault maps discovered:
D:1:      dpeg_arrival_tiny_b, layout_loops_ring, serial_shops, shop_fountains,
          serial_forest, infiniplex_forest_end_3, infiniplex_forest_corner_1,
          infiniplex_forest_zigzag_2, infiniplex_forest_lined_3_way,
          infiniplex_forest_lined_3, infiniplex_forest_lined_3
D:2:      layout_loops_corners
D:3:      layout_basic, mainiacjoe_overflow_paths, uniq_sigmund,
          uniq_crazy_yiuf_cottage
D:4:      layout_basic, roderic_serpentine_path,
          minmay_fractal_squares_diagonal_5

Notes
Turn   | Place    | Note
-------+----------+-------------------------------------------
     0 | D:1      | xzight the Gnoll Fighter began the quest for the Orb.
     0 | D:1      | Reached XP level 1. HP: 23/23 MP: 1/1
     5 | D:1      | Found Bibrigh's Book Shoppe.
   679 | D:2      | Reached XP level 2. HP: 29/29 MP: 2/2
   857 | D:2      | Reached XP level 3. HP: 33/35 MP: 3/3
  1517 | D:3      | Reached skill level 1 in Invocations
  1685 | D:3      | Reached skill level 1 in Short Blades
  1685 | D:3      | Reached skill level 1 in Long Blades
  1685 | D:3      | Reached skill level 1 in Axes
  1685 | D:3      | Reached skill level 1 in Maces & Flails
  1685 | D:3      | Reached skill level 1 in Staves
  1685 | D:3      | Reached skill level 1 in Ranged Weapons
  1685 | D:3      | Reached skill level 1 in Throwing
  1685 | D:3      | Reached skill level 1 in Dodging
  1685 | D:3      | Reached skill level 1 in Stealth
  1685 | D:3      | Reached skill level 1 in Unarmed Combat
  1685 | D:3      | Reached skill level 1 in Spellcasting
  1685 | D:3      | Reached skill level 1 in Evocations
  1691 | D:3      | Noticed Sigmund
  1801 | D:3      | Found a white marble altar of Elyvilon.
  1960 | D:3      | Reached XP level 4. HP: 41/41 MP: 5/5
  2372 | D:3      | Found a runed translucent door.
  2373 | D:3      | Noticed Crazy Yiuf
  2658 | D:4      | Reached skill level 1 in Conjurations
  2658 | D:4      | Reached skill level 1 in Hexes
  2658 | D:4      | Reached skill level 1 in Summonings
  2658 | D:4      | Reached skill level 1 in Necromancy
  2658 | D:4      | Reached skill level 1 in Translocations
  2658 | D:4      | Reached skill level 1 in Transmutations
  2658 | D:4      | Reached skill level 1 in Fire Magic
  2658 | D:4      | Reached skill level 1 in Ice Magic
  2658 | D:4      | Reached skill level 1 in Air Magic
  2658 | D:4      | Reached skill level 1 in Earth Magic
  2658 | D:4      | Reached skill level 1 in Poison Magic
  2686 | D:4      | Noticed a necrophage
  2728 | D:4      | Killed a necrophage
  2729 | D:4      | Reached XP level 5. HP: 18/47 MP: 5/7
  3134 | D:4      | Reached skill level 2 in Invocations
  3226 | D:4      | Reached XP level 6. HP: 52/53 MP: 8/8
  3295 | D:4      | Reached skill level 5 in Polearms
  3304 | D:4      | Reached skill level 2 in Short Blades
  3304 | D:4      | Reached skill level 2 in Long Blades
  3304 | D:4      | Reached skill level 2 in Axes
  3304 | D:4      | Reached skill level 2 in Maces & Flails
  3304 | D:4      | Reached skill level 2 in Staves
  3304 | D:4      | Reached skill level 2 in Ranged Weapons
  3304 | D:4      | Reached skill level 2 in Throwing
  3304 | D:4      | Reached skill level 2 in Dodging
  3304 | D:4      | Reached skill level 2 in Stealth
  3304 | D:4      | Reached skill level 2 in Unarmed Combat
  3304 | D:4      | Reached skill level 2 in Spellcasting
  3304 | D:4      | Reached skill level 2 in Evocations
  3440 | D:4      | Noticed a wyvern
  3449 | D:4      | Killed a wyvern
  3450 | D:4      | Reached skill level 7 in Fighting
  3450 | D:4      | Reached skill level 7 in Armour
  3450 | D:4      | Reached skill level 7 in Shields
  3450 | D:4      | Reached XP level 7. HP: 49/60 MP: 10/10
  3541 | D:4      | Reached skill level 2 in Conjurations
  3541 | D:4      | Reached skill level 2 in Hexes
  3541 | D:4      | Reached skill level 2 in Summonings
  3541 | D:4      | Reached skill level 2 in Necromancy
  3541 | D:4      | Reached skill level 2 in Translocations
  3541 | D:4      | Reached skill level 2 in Transmutations
  3541 | D:4      | Reached skill level 2 in Fire Magic
  3541 | D:4      | Reached skill level 2 in Ice Magic
  3541 | D:4      | Reached skill level 2 in Air Magic
  3541 | D:4      | Reached skill level 2 in Earth Magic
  3541 | D:4      | Reached skill level 2 in Poison Magic
  3736 | D:4      | HP: 3/60 [orc priest/divine providence (10)]
  4078 | D:4      | HP: 5/60 [something (2)]
  4085 | D:4      | Slain by an orc warrior

Vanquished Creatures
  A wyvern (D:4)
  2 necrophages (D:4)
  A jelly (D:4)
  An iguana (D:4)
  An orc wizard (D:4)
  4 gnolls (D:4)
  3 adders
  An ufetubus (D:4)
  4 dart slugs
  8 orcs
  7 bats
  6 endoplasms
  6 giant cockroaches
  2 goblins (D:3)
  7 hobgoblins
  4 jackals (D:3)
  2 quokkas
  8 ball pythons
  A frilled lizard (D:2)
  A kobold (D:4)
  4 rats
74 creatures vanquished.

Vanquished Creatures (others)
  An orc wizard (D:4)
1 creature vanquished.

Grand Total: 75 creatures vanquished

Table legend: (Time is in decaauts)
 A = Elapsed time spent in this place.
 B = Non-inter-level travel time spent in this place.
 C = Inter-level travel time spent in this place.
 D = Time resting spent in this place.
 E = Time spent auto-exploring this place.
 F = Levels seen in this place.
 G = Mean time per level.
                   A        B        C        D        E       F      G
               +--------+--------+--------+--------+--------+-----+--------+
         Total |   4115 |   3834 |    281 |    698 |   2335 |   4 | 1028.8 |
       Dungeon |   4115 |   3834 |    281 |    698 |   2335 |   4 | 1028.8 |
               +--------+--------+--------+--------+--------+-----+--------+

Top non-repeatable levels by time:
     D:3: 1239 daAuts
     D:4: 1204 daAuts
     D:2: 1000 daAuts
     D:1: 670 daAuts

Table legend:
 A = Non-vault XP
 B = Vault XP
 C = Vault XP percentage of total XP
 D = Non-vault monster count
 E = Vault monster count
 F = Vault count percentage of total count
                 A         B        C        D         E       F
            +---------+---------+-------+---------+---------+-------
      Total |     649 |      87 |  11.8 |      67 |       8 |  10.7
            +---------+---------+-------+---------+---------+-------
        D:1 |       8 |       0 |   0.0 |       4 |       0 |   0.0
        D:2 |      38 |       0 |   0.0 |      13 |       0 |   0.0
        D:3 |      44 |       0 |   0.0 |      23 |       0 |   0.0
        D:4 |     559 |      87 |  13.5 |      27 |       8 |  22.9
            +---------+---------+-------+---------+---------+-------
